 Dungeon Sprint DCSS version 0.20-a0-945-g3bf614a (webtiles) character file.

15007 Conn321 the Scorcher (level 12, -2/77 HPs)
             Began as an Octopode Fire Elementalist on Apr 2, 2017.
             Was the Champion of Sif Muna.
             Slain by a lorocyproca (36 damage)
             ... in the Dungeon (Sprint I: "Red Sonja").
             The game lasted 00:55:02 (4608 turns).

Conn321 the Scorcher (Octopode Fire Elementalist)   Turns: 4608, Time: 00:55:03

Health: -2/77      AC:  2    Str:  7 (8)  XL:     12   Next: 22%
Magic:  16/38      EV: 28    Int: 23      God:    Sif Muna [******]
Gold:   684        SH:  0    Dex: 18      Spells: 1/38 levels left

rFire    . . .     SeeInvis .     - Unarmed
rCold    . . .     Gourm    .   (shield currently unavailable)
rNeg     . . .     Faith    .   (helmet currently unavailable)
rPois    x         Spirit   .   (no amulet)
rElec    .         Reflect  .   B - ring of magical power
rCorr    .         Harm     .   (no ring)
MR       .....     Rnd*Rage +   (no ring) Stlth +++++.....NoTele +
                                (no ring)
Regen    0.3/turn               (no ring)
MPRegen  0.3/turn               (no ring)
                                (no ring)
                                (no ring)

@: spider-form, very slightly contaminated
A: almost no armour, stealthy swim, (amphibious), 8 rings, (constrict 8),
repulsion field 1, (camouflage 0), berserk 1, clever 1, deterioration 1,
(gelatinous body 0)
a: End Transformation, Divine Energy, Channel Magic, Forget Spell, Renounce
Religion


You were in the Dungeon.
You worshipped Sif Muna.
Sif Muna was exalted by your worship.
You were not hungry.
You were a venomous arachnid creature.
You visited 1 branch You collected 2249 gold pieces.
You spent 1565 gold pieces at shops.

Inventory:

Hand Weapons
 k - a +0 scythe
 l - a -2 blowgun
 m - a +1 dagger of distortion
 x - the +8 mace "Uceenu" {pain, +Inv}
   (You bought it in a shop in the Dungeon)

   In the hands of one skilled in necromantic magic, it inflicts extra damage on
   living creatures.
   It lets you turn invisible.
 y - the +10 trident of the Six Nights (melded) {protect, Str-4 Int+2 SInv Stlth+}
   (You bought it in a shop in the Dungeon)

   It protects the one who uses it against injury (+AC on strike).
   It affects your strength (-4).
   It affects your intelligence (+2).
   It lets you see invisible.
   It makes you more stealthy.
Missiles
 n - 10 curare-tipped needles
Armour
 p - the +0 mask of the Dragon (melded) {MR+ Slay+3 SInv}
   (You bought it in a shop in the Dungeon)

   It affects your accuracy and damage with ranged weapons and melee attacks
   (+3).
   It affects your resistance to hostile enchantments.
   It lets you see invisible.
Magical Staves
 D - an uncursed staff of earth
Jewellery
 B - a ring of magical power (left front leg)
Wands
 s - a wand of digging (15/24)
Scrolls
 C - 4 scrolls of fear
Potions
 c - 2 potions of curing
 d - 3 potions of heal wounds
 e - 3 potions of haste
 f - 2 potions of magic
 g - a potion of berserk rage
 o - a potion of flight
 v - a potion of mutation
Books
 a - a book of Flames

   Spells                             Type                      Level
   a - Flame Tongue                   Conjuration/Fire             1
   b - Throw Flame                    Conjuration/Fire             2
   c - Conjure Flame                  Conjuration/Fire             3
   d - Inner Flame                    Hexes/Fire                   3
   e - Sticky Flame                   Conjuration/Fire             4
   f - Fireball                       Conjuration/Fire             5
 b - Sif Muna's Almanac of the Ensnaring Mountains
   (Sif Muna gifted it to you in the Dungeon)

   Spells                             Type                      Level
   a - Passwall                       Transmutation/Earth          2
   b - Dazzling Spray                 Conjuration/Hexes            3
   c - Summon Guardian Golem          Hexes/Summoning              3
   d - Fulminant Prism                Conjuration/Hexes            4
   e - Yara's Violent Unravelling     Hexes/Transmutation          5
   f - Invisibility                   Hexes                        6
   g - Lehudib's Crystal Spear        Conjuration/Earth            8
 j - a book of Air

   Spells                             Type                      Level
   a - Shock                          Conjuration/Air              1
   b - Swiftness                      Charms/Air                   2
   c - Static Discharge               Conjuration/Air              3
   d - Airstrike                      Air                          4
   e - Lightning Bolt                 Conjuration/Air              5
 q - Sif Muna's Tome of Sharkskin
   (Sif Muna gifted it to you in the Dungeon)

   Spells                             Type                      Level
   a - Corpse Rot                     Necromancy                   2
   b - Regeneration                   Charms/Necromancy            3
   c - Cigotuvi's Embrace             Necromancy                   5
   d - Death Channel                  Necromancy                   6
   e - Haunt                          Necromancy/Summoning         7
 r - Boowuc's Incunabulum of Nocuous Shape Shifting
   (Sif Muna gifted it to you in the Dungeon)

   Spells                             Type                      Level
   a - Sting                          Conjuration/Poison           1
   b - Mephitic Cloud                 Conjuration/Poison/Air       3
   c - Spider Form                    Transmutation/Poison         3
   d - Ice Form                       Ice/Transmutation            4
   e - Irradiate                      Conjuration/Transmutation    5
   f - Statue Form                    Transmutation/Earth          6
 t - Sif Muna's Reference Book on the Mountains
   (Sif Muna gifted it to you in the Dungeon)

   Spells                             Type                      Level
   a - Stone Arrow                    Conjuration/Earth            3
   b - Bolt of Magma                  Conjuration/Fire/Earth       5
   c - Iron Shot                      Conjuration/Earth            6
 z - Sif Muna's Incunabulum of Twisted Arcane Weapons
   (Sif Muna gifted it to you in the Dungeon)

   Spells                             Type                      Level
   a - Searing Ray                    Conjuration                  2
   b - Iskenderun's Mystic Blast      Conjuration                  4
   c - Dispel Undead                  Necromancy                   5
   d - Orb of Destruction             Conjuration                  7
   e - Fire Storm                     Conjuration/Fire             9
   f - Glaciate                       Conjuration/Ice              9
 A - Sif Muna's Incunabulum of Unholy Transmutation
   (Sif Muna gifted it to you in the Dungeon)

   Spells                             Type                      Level
   a - Animate Skeleton               Necromancy                   1
   b - Sticks to Snakes               Transmutation                2
   c - Control Undead                 Necromancy                   4
   d - Agony                          Necromancy                   5
   e - Blade Hands                    Transmutation                5
 E - Sif Muna's Secret Knowledge, Part Four
   (Sif Muna gifted it to you in the Dungeon)

   Spells                             Type                      Level
   a - Throw Icicle                   Conjuration/Ice              4
   b - Cause Fear                     Hexes                        4
   c - Leda's Liquefaction            Hexes/Earth                  4
   d - Animate Dead                   Necromancy                   4
   e - Summon Lightning Spire         Summoning/Air                4
   f - Passage of Golubria            Translocation                4
Miscellaneous
 w - a lightning rod (4/4)
Comestibles
 i - 4 fruits
 u - a meat ration


   Skills:
 + Level 5.0 Fighting
 + Level 1.7 Polearms
 + Level 7.2 Dodging
 + Level 10.6 Stealth
 + Level 2.0 Unarmed Combat
 * Level 13.6 Spellcasting
 * Level 14.4 Conjurations
 * Level 16.2 Fire Magic
 + Level 8.6 Air Magic
 + Level 1.0 Poison Magic
 + Level 5.1 Invocations


You had one spell level left.
You knew the following spells:

 Your Spells              Type           Power        Failure   Level  Hunger
a - Flame Tongue          Conj/Fire      #####        1%          1    None
b - Spider Form           Tmut/Pois      ###.......   28%         3    None
c - Sticky Flame          Conj/Fire      ######..     1%          4    None
d - Fireball              Conj/Fire      ######....   2%          5    ###....
e - Lightning Bolt        Conj/Air       ######....   6%          5    ###....
f - Mephitic Cloud        Conj/Pois/Air  ######..     3%          3    None
g - Orb of Destruction    Conj           ######....   28%         7    ######.
h - Airstrike             Air            ######....   6%          4    None
i - Bolt of Magma         Conj/Fire/Erth ######....   6%          5    ###....


Dungeon Overview and Level Annotations

Branches:
Dungeon (1/1)

Altars:
Cheibriados
Dithmenos
Elyvilon
Fedhas
Gozag
Hepliaklqana
Kikubaaqudgha
Makhleb
Nemelex Xobeh
Okawaru
Qazlal
Ru
Sif Muna
Trog
Uskayaw
Vehumet
Wu Jian
Xom
Yredelemnul
Zin
The Shining One
Jiyva
Lugonu

Shops:
D ?}[*=%!!}[}%*[([[*([[


Innate Abilities, Weirdness & Mutations

You cannot wear most types of armour.
You are very stealthy in the water. (Stealth+)
((You are amphibious.))
You can wear up to eight rings at the same time.
((You can use your tentacles to constrict eight enemies at once.))
((Your skin changes colour to match your surroundings (Stealth+).))
((Your rubbery body absorbs attacks. (AC +1, EV +1)))
You are surrounded by a mild repulsion field. (EV +2)
You tend to lose your temper in combat.
Your mind is acute. (Int +2)
Your body sometimes deteriorates upon taking damage.


Message History

You are very lightly contaminated with residual magic.
As you read the scroll of blinking, it crumbles to dust.
Which direction?
You close the door.
A lorocyproca opens the door.
There is an open door here.
Magic courses through your body.
Casting: Lightning Bolt
Confirm with . or Enter, or press ? or * to list all spells.
Aiming: Orb of Destruction
Press: ? - help, Shift-Dir - straight line, f - lorocyproca
Aim: a lorocyproca (purple smoke, lightly wounded, slightly transparent)
Casting: Orb of Destruction
Confirm with . or Enter, or press ? or * to list all spells.
You turn into a venomous arachnid creature.
The +10 trident of the Six Nights {protect, Str-4 Int+2 SInv Stlth+} melds into your body.
The +0 mask of the Dragon {MR+ Slay+3 SInv} melds into your body.
The +10 trident of the Six Nights {protect, Str-4 Int+2 SInv Stlth+} goes still.
Something hits you!!!
You die...

#################################
.#..'..#__#..')..#.)#§§..§.§§§..'
.'[.#.†'..'..#).s##'#§####.§§§.##
'#####†#__####...{§§#.# ##§§§###
.#...#.####(§#####§§§.#+#$###§#.)
##..##.#§≈§§.#§§##§####^.$#y#.##.
_##'#_.§§≈≈§.§.§#..§.^#..$###§§..
..'...§#§§§§§#§§#..§§§2..$$$##.#)
_##_.#'##(#####'###.)^#.....#..##
_###'#.#§.§.###.'.#§^^###++##.##.
####.####'###.###§#.§## #..#'


There were no monsters in sight!

Vanquished Creatures
  A daeva (D)
  2 centaur warriors (D)
  Sonja (D)
  A deep troll (D)
  6 unseen horrors (D)
  A lindwurm (D)
  8 shining eyes (D)
  An oklob plant (D)
  2 kobold demonologists (D)
  A gargoyle (D)
  2 demonic crawlers (D)
  A slime creature (D)
  A hornet (D)
  Sigmund (D)
  2 redbacks (D)
  A yak (D)
  10 hogs (D)
  6 floating eyes (D)
  An ogre (D)
  7 necrophages (D)
  8 jellies (D)
  Ijyb (D)
  A ballistomycete (D)
  A ballistomycete spore (D)
67 creatures vanquished.

Vanquished Creatures (others)
  A hydra (D)
  An unseen horror (D)
  2 merfolk sirens (D)
  4 hornets (D)
  3 hogs (D)
  A floating eye (D)
  A ballistomycete spore (D)
13 creatures vanquished.

Grand Total: 80 creatures vanquished

Notes
Turn   | Place    | Note
-------+----------+-------------------------------------------
     0 | D        | Conn321 the Octopode Fire Elementalist began the quest for the Orb.
     0 | D        | Reached XP level 1. HP: 11/11 MP: 3/3
     1 | D        | Noticed Ijyb
    20 | D        | Killed Ijyb
    20 | D        | Reached skill level 4 in Fire Magic
    20 | D        | Reached XP level 2. HP: 4/17 MP: 0/6
    20 | D        | Reached XP level 3. HP: 4/21 MP: 0/7
   254 | D        | Learned a level 3 spell: Conjure Flame
   261 | D        | Noticed an ogre
   288 | D        | Killed an ogre
   288 | D        | Reached skill level 1 in Fighting
   288 | D        | Reached skill level 5 in Stealth
   288 | D        | Reached skill level 6 in Fire Magic
   288 | D        | Reached XP level 4. HP: 16/28 MP: 0/9
   421 | D        | Killed a hornet
   431 | D        | Learned a level 4 spell: Sticky Flame
   431 | D        | Noticed Sigmund
   435 | D        | Killed Sigmund
   435 | D        | Reached skill level 9 in Fire Magic
   435 | D        | Reached XP level 5. HP: 29/34 MP: 3/12
   435 | D        | Reached XP level 6. HP: 33/39 MP: 3/13
   445 | D        | Learned a level 5 spell: Fireball
   525 | D        | Found a deep blue altar of Sif Muna.
   526 | D        | Found an ornate altar of the Wu Jian Council.
   527 | D        | Found a radiant altar of Vehumet.
   531 | D        | Became a worshipper of Sif Muna the Loreminder
   565 | D        | Found Sisupiomn's Assorted Antiques.
   565 | D        | Found an ancient bone altar of Kikubaaqudgha.
   565 | D        | Found a hazy altar of Hepliaklqana.
   565 | D        | Found a hide-covered altar of Uskayaw.
   565 | D        | Found a basalt altar of Yredelemnul.
   565 | D        | Found an opulent altar of Gozag.
   565 | D        | Found a snail-covered altar of Cheibriados.
   565 | D        | Found a sacrificial altar of Ru.
   565 | D        | Found a shadowy altar of Dithmenos.
   565 | D        | Noticed a yak
   571 | D        | Killed a yak
   571 | D        | Reached * piety under Sif Muna
   571 | D        | Reached skill level 5 in Spellcasting
   571 | D        | Reached skill level 5 in Conjurations
   571 | D        | Reached skill level 10 in Fire Magic
   571 | D        | Reached XP level 7. HP: 45/45 MP: 5/15
   572 | D        | Found a stormy altar of Qazlal.
   572 | D        | Found a blossoming altar of Fedhas.
   572 | D        | Found a bloodstained altar of Trog.
   572 | D        | Found an iron altar of Okawaru.
   572 | D        | Found a glowing golden altar of the Shining One.
   572 | D        | Found a glowing silver altar of Zin.
   572 | D        | Found a white marble altar of Elyvilon.
   576 | D        | Found a sparkling altar of Nemelex Xobeh.
   580 | D        | Bought a scroll of blinking for 150 gold pieces
   641 | D        | Found a burning altar of Makhleb.
   641 | D        | Found a shimmering altar of Xom.
   641 | D        | Noticed a slime creature
   644 | D        | Found a viscous altar of Jiyva.
   644 | D        | Found a corrupted altar of Lugonu.
   647 | D        | Killed a slime creature
   647 | D        | Reached ** piety under Sif Muna
   647 | D        | Reached skill level 5 in Dodging
   647 | D        | Reached skill level 1 in Unarmed Combat
   647 | D        | Reached skill level 11 in Fire Magic
   758 | D        | Noticed a centaur warrior
   758 | D        | Noticed a centaur warrior
   764 | D        | Noticed Sonja
   800 | D        | Killed Sonja
   800 | D        | Reached *** piety under Sif Muna
   800 | D        | Reached skill level 12 in Fire Magic
   800 | D        | Reached XP level 8. HP: 52/52 MP: 6/18
   894 | D        | Found Lisaijod's Magic Scroll Boutique.
   965 | D        | Noticed a deep troll
   965 | D        | Killed a hornet
   978 | D        | Killed a deep troll
   978 | D        | Reached **** piety under Sif Muna
   978 | D        | Reached XP level 9. HP: 25/58 MP: 6/20
  1025 | D        | Found Qifoc's Armour Emporium.
  1032 | D        | Bought the +0 mask of the Dragon {MR+ Slay+3 SInv} for 334 gold pieces
  1157 | D        | Learned a level 5 spell: Lightning Bolt
  1166 | D        | Killed a centaur warrior
  1166 | D        | Reached ***** piety under Sif Muna
  1166 | D        | Reached skill level 10 in Conjurations
  1166 | D        | Reached skill level 13 in Fire Magic
  1166 | D        | Killed a centaur warrior
  1166 | D        | Identified Sif Muna's Tome of Sharkskin (Sif Muna gifted it to you in the Dungeon)
  1166 | D        | Received a gift from Sif Muna
  1166 | D        | Reached skill level 14 in Fire Magic
  1427 | D        | Noticed a hornet
  1431 | D        | Killed a hornet
  1431 | D        | Reached skill level 1 in Invocations
  1719 | D        | Noticed an oklob plant
  1724 | D        | Killed an oklob plant
  1724 | D        | Reached skill level 1 in Air Magic
  1724 | D        | Reached XP level 10. HP: 65/65 MP: 18/23
  1775 | D        | Identified Boowuc's Incunabulum of Nocuous Shape Shifting (Sif Muna gifted it to you in the Dungeon)
  1775 | D        | Received a gift from Sif Muna
  1783 | D        | Learned a level 3 spell: Mephitic Cloud
  1798 | D        | Noticed an unseen horror
  1799 | D        | Noticed an unseen horror
  1810 | D        | Killed an unseen horror
  1852 | D        | Killed an unseen horror
  1870 | D        | Identified Sif Muna's Almanac of the Ensnaring Mountains (Sif Muna gifted it to you in the Dungeon)
  1870 | D        | Received a gift from Sif Muna
  1958 | D        | Reached skill level 10 in Spellcasting
  1984 | D        | Found Tananim's Distillery.
  1985 | D        | Found Neunac's Distillery.
  1985 | D        | Found Oneureulay's Gadget Boutique.
  2101 | D        | Found Emugg's Armour Emporium.
  2101 | D        | Found Acegov's Gadget Shop.
  2101 | D        | Found Joykic's Food Shoppe.
  2101 | D        | Found Zellil's Assorted Antiques.
  2101 | D        | Found Mezxouda's Antique Armour Emporium.
  2101 | D        | Found Pyenoq's Weapon Shop.
  2101 | D        | Found Zuykinue's Armour Shoppe.
  2105 | D        | Found Yhunosejel's Antique Armour Boutique.
  2106 | D        | Found Kisiar's Antique Weapon Emporium.
  2106 | D        | Found Zokat's Assorted Antiques.
  2107 | D        | Found Zases's Armour Emporium.
  2117 | D        | Bought an ichor-stained mace for 128 gold pieces
  2117 | D        | Bought a translucent trident for 136 gold pieces
  2118 | D        | Identified the +8 mace "Uceenu" {pain, +Inv} (You bought it in a shop in the Dungeon)
  2120 | D        | Identified the +10 trident of the Six Nights {protect, Str-4 Int+2 SInv Stlth+} (You bought it in a shop in the Dungeon)
  2131 | D        | Bought a potion of heal wounds for 65 gold pieces
  2132 | D        | Bought a potion of magic for 104 gold pieces
  2132 | D        | Bought a potion of heal wounds for 65 gold pieces
  2132 | D        | Bought a potion of heal wounds for 65 gold pieces
  2285 | D        | Noticed a shining eye
  2285 | D        | Noticed a shining eye
  2285 | D        | Noticed a shining eye
  2319 | D        | Noticed a shining eye
  2328 | D        | Gained mutation: Your body sometimes deteriorates upon taking damage. [a shining eye]
  2330 | D        | Noticed a shining eye
  2330 | D        | Killed a shining eye
  2330 | D        | Reached skill level 15 in Fire Magic
  2330 | D        | Gained mutation: You are frail. (-10% HP) [a shining eye]
  2407 | D        | Noticed a shining eye
  2410 | D        | Noticed a shining eye
  2410 | D        | Killed a shining eye
  2410 | D        | Reached skill level 5 in Air Magic
  2411 | D        | Identified Sif Muna's Incunabulum of Twisted Arcane Weapons (Sif Muna gifted it to you in the Dungeon)
  2411 | D        | Received a gift from Sif Muna
  2416 | D        | Lost mutation: Your body sometimes deteriorates upon taking damage. [potion of mutation]
  2416 | D        | Lost mutation: You are frail. (-10% HP) [potion of mutation]
  2416 | D        | Gained mutation: You tend to lose your temper in combat. [potion of mutation]
  2416 | D        | Gained mutation: Your mind is acute. (Int +2) [potion of mutation]
  2416 | D        | Gained mutation: You are surrounded by a mild repulsion field. (EV +2) [potion of mutation]
  2425 | D        | Learned a level 7 spell: Orb of Destruction
  2514 | D        | Noticed a shining eye
  2516 | D        | Gained mutation: Your body sometimes deteriorates upon taking damage. [a shining eye]
  2517 | D        | Killed a shining eye
  2517 | D        | Reached ****** piety under Sif Muna
  2517 | D        | Reached XP level 11. HP: 69/69 MP: 10/25
  2523 | D        | Killed a shining eye
  2523 | D        | Reached skill level 10 in Stealth
  2783 | D        | Paralysed by a floating eye for 2 turns
  2810 | D        | Killed a shining eye
  2852 | D        | Bought a meat ration for 50 gold pieces
  2852 | D        | Bought a meat ration for 50 gold pieces
  2852 | D        | Bought a meat ration for 50 gold pieces
  2852 | D        | Bought a meat ration for 50 gold pieces
  2888 | D        | Killed a 12-headed hydra
  2909 | D        | Killed a shining eye
  2916 | D        | Killed a shining eye
  2916 | D        | Identified Sif Muna's Incunabulum of Unholy Transmutation (Sif Muna gifted it to you in the Dungeon)
  2916 | D        | Received a gift from Sif Muna
  3046 | D        | Killed a shining eye
  3114 | D        | Found Jaostie's Jewellery Shop.
  3114 | D        | Found Rety Hel's Gadget Shoppe.
  3114 | D        | Found Kesoe's Food Boutique.
  3114 | D        | Found Hezuacwa's Antique Armour Emporium.
  3119 | D        | Bought an uncursed ring of magical power for 280 gold pieces
  3194 | D        | Bought a scroll of fear for 38 gold pieces
  3219 | D        | Learned a level 4 spell: Airstrike
  3300 | D        | HP: 3/69 [demonic crawler (10)]
  3621 | D        | Noticed a lindwurm
  3628 | D        | Killed a lindwurm
  3673 | D        | Identified Sif Muna's Secret Knowledge, Part Four (Sif Muna gifted it to you in the Dungeon)
  3673 | D        | Received a gift from Sif Muna
  3680 | D        | Reached skill level 5 in Fighting
  3685 | D        | Reached skill level 1 in Polearms
  3730 | D        | Noticed a daeva
  3890 | D        | Killed a daeva
  3890 | D        | Identified Sif Muna's Reference Book on the Mountains (Sif Muna gifted it to you in the Dungeon)
  3890 | D        | Received a gift from Sif Muna
  3890 | D        | Reached skill level 16 in Fire Magic
  3890 | D        | Reached skill level 5 in Invocations
  4087 | D        | Noticed an unseen horror
  4087 | D        | Noticed an unseen horror
  4087 | D        | Noticed an unseen horror
  4087 | D        | Noticed an unseen horror
  4087 | D        | Noticed an unseen horror
  4090 | D        | Killed an unseen horror
  4090 | D        | Reached skill level 1 in Poison Magic
  4090 | D        | Reached XP level 12. HP: 68/77 MP: 28/28
  4306 | D        | Learned a level 5 spell: Bolt of Magma
  4311 | D        | Noticed a fire giant
  4542 | D        | Learned a level 3 spell: Spider Form
  4594 | D        | Noticed a lorocyproca
  4608 | D        | Slain by a lorocyproca

Vault maps used:
D:        dungeon_sprint_1

Skill      XL: |  1  2  3  4  5  6  7  8  9 10 11 12 |
---------------+-------------------------------------+-----
Dodging        | 3 4 5 6 7 |  7.2
Stealth        | 4 5 6 7 8 9 10 | 10.6
Spellcasting   | 3 4 5 7 9 10 12 13 | 13.6
Fire Magic     | 4 6 9 10 12 14 15 16 | 16.2
Fighting       | 1 2 3 4 5 |  5.0
Conjurations   | 2 4 5 8 9 11 12 14 | 14.4
Unarmed Combat | 1 2 |  2.0
Invocations    | 2 4 5 |  5.1
Air Magic      | 1 5 7 8 |  8.6
Polearms       | 1 |  1.7
Poison Magic   | 1 |  1.0

Action                   |  1- 3 |  4- 6 |  7- 9 | 10-12 || total
-------------------------+-------+-------+-------+-------++-------
Melee: Unarmed           |    19 |       |       |       ||    19
       Tentacles         |     4 |       |     1 |     4 ||     9
       Constrict         |     1 |       |     2 |     7 ||    10
       Dagger            |       |       |     5 |    10 ||    15
       Trident           |       |       |       |    14 ||    14
 Cast: Flame Tongue      |     7 |     8 |     8 |    21 ||    44
       Conjure Flame     |     1 |     1 |     1 |     2 ||     5
       Sticky Flame      |       |     1 |     3 |     6 ||    10
       Fireball          |       |       |     9 |    22 ||    31
       Orb of Destructio |       |       |       |    14 ||    14
       Airstrike         |       |       |       |    21 ||    21
       Mephitic Cloud    |       |       |       |     5 ||     5
       Lightning Bolt    |       |       |       |     2 ||     2
       Spider Form       |       |       |       |     3 ||     3
       Bolt of Magma     |       |       |       |     2 ||     2
Invok: Channel Magic     |       |       |       |     1 ||     1
       Forget Spell      |       |       |       |     1 ||     1
 Abil: End Transformatio |       |       |       |     1 ||     1
Evoke: Wand              |       |       |       |     2 ||     2
  Use: Scroll            |       |       |     1 |     3 ||     4
       Potion            |       |       |       |     4 ||     4
 Stab: Sleeping          |     1 |       |     1 |     2 ||     4
       Confused          |       |       |       |     2 ||     2
  Eat: Chunk             |       |       |     2 |       ||     2
       Royal jelly       |       |       |     1 |       ||     1
       Meat ration       |       |       |       |     4 ||     4
       Bread ration      |       |       |       |     1 ||     1
Armor: Skin              |     2 |       |       |     1 ||     3
Dodge: Dodged            |    10 |       |     5 |    38 ||    53
